 Dungeon Crawl Stone Soup version 0.17-a0-1804-gf6433eb (webtiles) character file.

142 luca467 the Skirmisher (level 5, -3/38 HPs)
             Began as an Octopode Fighter on Sept 11, 2015.
             Was an Initiate of Dithmenos.
             Slain by a water moccasin (6 damage)
             ... on level 4 of the Dungeon.
             The game lasted 00:11:40 (2705 turns).

luca467 the Skirmisher (Octopode Fighter)           Turns: 2705, Time: 00:11:41

Health: -3/38      AC:  1    Str: 15    XL:     5   Next: 25%
Magic:  5/5        EV: 10    Int: 11    God:    Dithmenos [......]
Gold:   200        SH: 11    Dex: 12    Spells: 0 memorised, 4 levels left

rFire  . . .     SeeInvis .     a - +0 rapier
rCold  . . .     Clarity  .     b - +3 shield
rNeg   . . .     SustAt   .     (helmet restricted)
rPois  .         Gourm    .     (no amulet)
rElec  .         Spirit   .     (no ring)
rCorr  .         Warding  .     (no ring)
rMut   .         Stasis   .     (no ring)
MR     .....                    (no ring)
Stlth  +++.......               (no ring)
                                (no ring)
                                (no ring)
                                (no ring)

@: lethally poisoned (-3 -> -27), not resistant to hostile enchantments, fairly
stealthy
A: almost no armour, amphibious, 8 rings, constrict 8, camouflage 1, gelatinous
body 1
a: Renounce Religion


You were on level 4 of the Dungeon.
You worshipped Dithmenos.
Dithmenos was noncommittal.
You were not hungry.

You visited 1 branch of the dungeon, and saw 4 of its levels.

You collected 200 gold pieces.

Inventory:

Hand weapons
 a - a +0 rapier (weapon)
Armour
 b - a +3 shield (worn)
Jewellery
 g - a cursed ring of teleportation
Scrolls
 h - a scroll of enchant armour
 j - 2 scrolls of magic mapping
 l - 2 scrolls of remove curse {unknown}
 m - a scroll of immolation {unknown}
 n - a scroll of enchant weapon {unknown}
Potions
 c - a potion of might
 e - 2 potions of invisibility {unknown}
 k - a potion of brilliance {unknown}
 o - a potion of poison
Comestibles
 d - 4 bread rations
 f - a meat ration


   Skills:
 * Level 4.4 Fighting
 * Level 3.8 Short Blades
 - Level 3.0 Dodging
 - Level 2.0 Stealth
 - Level 3.0 Shields


You had 4 spell levels left.
You didn't know any spells.

Dungeon Overview and Level Annotations

Branches:
Dungeon (4/15)
 Temple: D:4-7

Altars:
Ashenzari
Cheibriados
Dithmenos
Gozag
Nemelex Xobeh
Vehumet
Yredelemnul
Zin
The Shining One

Shops:
D:4 *


Innate Abilities, Weirdness & Mutations

You cannot wear most types of armour.
You are amphibious.
You can wear up to eight rings at the same time.
You can use your tentacles to constrict eight enemies at once.
Your skin changes colour to match your surroundings (Stealth).
Your rubbery body absorbs attacks (AC +1).


Message History

You completely miss the water moccasin. You squeeze the water moccasin.
The water moccasin is moderately wounded.
You constrict the water moccasin.
You feel sick. The water moccasin barely misses you.
The water moccasin bites you!
* * * LOW HITPOINT WARNING * * *
You are too injured to fight recklessly!
You are too injured to fight recklessly!
You hit the water moccasin.
The water moccasin is heavily wounded.
You constrict the water moccasin.
* * * LOW HITPOINT WARNING * * *
You feel sick. The water moccasin bites you.
* * * LOW HITPOINT WARNING * * *
Drink which item? (? for menu, Esc to quit)
It was a potion of poison.
That liquid tasted very nasty...
You are more poisoned.
You constrict the water moccasin.
* * * LOW HITPOINT WARNING * * *
You feel sick. The water moccasin bites you.
You die...

.........<...
####+##+#.............
#..........#+##+###'##
#..........+..........
#..........#..........
#..........#..........
#..........#+##.####+#
###+###.......#.####..
#.SS@'.......#.......
##S###.......#.......
#.. #.......#.......
#S∩ #.......#.......
#.. ##.......#.......
##+ #........'.......
...........########
############


You could see a water moccasin and 2 adders.

Vanquished Creatures
  An orc priest (D:3)
  A hound (D:3)
  An adder (D:2)
  A worm (D:2)
  2 giant geckos (D:2)
  3 orcs (D:3)
  3 ball pythons
  7 bats
  3 giant cockroaches
  9 goblins
  7 hobgoblins
  A quokka (D:3)
  A giant gecko skeleton (D:4)
  5 giant newts
  6 jackals
  8 kobolds
  9 rats
68 creatures vanquished.

Notes
Turn   | Place    | Note
--------------------------------------------------------------
     0 | D:1      | luca467 the Octopode Fighter began the quest for the Orb.
     0 | D:1      | Reached XP level 1. HP: 16/16 MP: 1/1
   182 | D:1      | Reached XP level 2. HP: 21/21 MP: 2/2
   225 | D:1      | Reached skill level 1 in Stealth
   710 | D:1      | Reached XP level 3. HP: 21/26 MP: 3/3
  1076 | D:2      | Found a glowing golden altar of the Shining One.
  1135 | D:2      | Found a radiant altar of Vehumet.
  1177 | D:2      | Found a faded altar to an unknown god.
  1385 | D:2      | Reached XP level 4. HP: 12/33 MP: 4/4
  1815 | D:3      | Found a shadowy altar of Dithmenos.
  1819 | D:3      | Became a worshipper of Dithmenos the Shadowed
  1824 | D:3      | Found a snail-covered altar of Cheibriados.
  1828 | D:3      | Found a sparkling altar of Nemelex Xobeh.
  1991 | D:3      | Found a glowing silver altar of Zin.
  2073 | D:3      | Found a basalt altar of Yredelemnul.
  2115 | D:3      | Reached skill level 4 in Fighting
  2298 | D:3      | Reached XP level 5. HP: 36/38 MP: 5/5
  2405 | D:3      | Found a shattered altar of Ashenzari.
  2526 | D:3      | Found an opulent altar of Gozag.
  2695 | D:4      | Found Hinwutun's Serpentskin Sales.
  2695 | D:4      | Noticed a water moccasin
  2705 | D:4      | Slain by a water moccasin

Vault maps used:
D:1:      saegor_arrival_simple_d
D:2:      tso_oasis_becter, vehumet_crystals, ecumenical_altar_1
D:3:      lemuel_coloured_pillars_altar, grunt_gozag_statues,
          old_standard_altar, yredelemnul_altar_generic,
          grunt_temple_overflow_diamond
D:4:      overflow_temple_1_default, kennysheep_mini_moat, first_bread,
          serial_shops, shop, guppyfry_shop_venom

Action                   |  1- 3 |  4- 6 || total
-------------------------+-------+-------++-------
Melee: Rapier            |    78 |    46 ||   124
  Use: Scroll            |       |     7 ||     7
       Potion            |       |     1 ||     1
 Stab: Sleeping          |     9 |     4 ||    13
  Eat: Chunk             |     1 |       ||     1
       Meat ration       |       |     1 ||     1
